 Dungeon Crawl Stone Soup version 0.20.0-1-g1cb1d84 (webtiles) character file.

9 MydosGodOfBeginnings the Cudgeler (level 2, -9/24 HPs)
             Began as a Demonspawn Chaos Knight on May 26, 2017.
             Killed from afar by a smoke demon (15 damage)
             ... with a ball of steam
             ... on level 2 of the Abyss.
             The game lasted 00:02:50 (591 turns).

MydosGodOfBeginnings the Cudgeler (DsCK)             Turns: 591, Time: 00:02:51

Health: -9/24      AC:  5    Str: 12    XL:     2   Next: 3%
Magic:  2/2        EV: 11    Int: 13    God:    Xom [...*..]
Gold:   51         SH:  0    Dex: 12    Spells: 1/1 levels left

rFire    . . .     SeeInvis .   a - +0 mace (chaos)
rCold    . . .     Gourm    .   (no shield)
rNeg     . . .     Faith    .   b - +2 leather armour
rPois    .         Spirit   .   (no helmet)
rElec    .         Reflect  .   (no cloak)
rCorr    .         Harm     .   (no gloves)
MR       .....                  (no boots)
Stlth    +.........             (no amulet)
Regen    0.1/turn               (no ring)
MPRegen  0.1/turn               (no ring)

@: no status effects
A: talons 1
a: Renounce Religion


You were on level 2 of the Abyss.
You worshipped Xom.
You were a favourite toy of Xom.
You were not hungry.

You visited 1 branch of the dungeon, and saw 1 of its levels.
You visited the Abyss 1 time.

You collected 51 gold pieces.

Inventory:

Hand Weapons
 a - a +0 mace of chaos (weapon)
Armour
 b - a +2 leather armour (worn)
Scrolls
 d - 3 scrolls of enchant armour {unknown}
Books
 e - a book of the Earth

   Spells                             Type                      Level
   a - Leda's Liquefaction            Hexes/Earth                  4
   b - Bolt of Magma                  Conjuration/Fire/Earth       5
   c - Statue Form                    Transmutation/Earth          6
   d - Iron Shot                      Conjuration/Earth            6
   e - Shatter                        Earth                        9
Comestibles
 c - 2 bread rations


   Skills:
 - Level 3.0 Fighting
 * Level 3.2 Maces & Flails
 - Level 1.7 Armour
 - Level 0.8 Dodging


You had one spell level left.
You didn't know any spells.

Dungeon Overview and Level Annotations

Branches:
Dungeon (1/15)

Altars:


Innate Abilities, Weirdness & Mutations

You have sharp toenails.


Message History

You escape the starspawn tentacle's grasp.
A tentacle flies out from the starspawn's body!
A starspawn tentacle comes into view.
Xom plays with reality for a moment.
The tentacled starspawn is unaffected.
The starspawn tentacle segment is unaffected.
The starspawn tentacle is unaffected.
A tentacle flies out from the starspawn's body!
A starspawn tentacle comes into view.
Xom momentarily opens a gate.
Found a halberd.
The smoke demon roars!
You swap places.
Something bites your crimson imp!!
Your crimson imp dies!
Found a murky orange potion.
The smoke demon gestures at you. The ball of steam hits you!
Ouch! That really hurt!
You die...

. ## .##.## #.## .
#. .####.... ...
.#.§# ##...... ..
.###.## !....##.###
## ##.... #
##.)#...#.# ..
..#.#.## ..#3.#..#
.. #....
..###.#.§#.# .# ..
# ....#.#.#§##.#
#.##....#.#.5#.#@.#
.# #..#..##X####..#
# #..#..##.#.##.#
#.... ##X.# #.
#.###...#. ## ..
#.#...# ####
#######


There were no monsters in sight!

Vanquished Creatures
  An ooze (D:1)
  2 goblins (D:1)
  A hobgoblin (D:1)
4 creatures vanquished.

Vanquished Creatures (others)
  7 starspawn tentacles (Abyss:2)
7 creatures vanquished.

Grand Total: 11 creatures vanquished

Notes
Turn   | Place    | Note
-------+----------+-------------------------------------------
     0 | D:1      | MydosGodOfBeginnings the Demonspawn Chaos Knight began the quest for the Orb.
     0 | D:1      | Reached XP level 1. HP: 18/18 MP: 1/1
    80 | D:1      | XOM: butterfly on damage
    88 | D:1      | Gained mutation: You have sharp toenails. [demonic ancestry]
    88 | D:1      | Reached XP level 2. HP: 3/24 MP: 2/2
   121 | D:1      | XOM: divination: magic mapping
   217 | D:1      | XOM: medium Tloc miscast
   217 | D:1      | Cast into level 1 of the Abyss (the capriciousness of Xom)
   354 | Abyss:1  | Noticed a spatial vortex
   489 | Abyss:1  | Noticed an ancient zyme
   489 | Abyss:1  | Noticed a spatial maelstrom
   490 | Abyss:1  | XOM: summons 2 friendly demons
   540 | Abyss:2  | Noticed a tentacled starspawn
   547 | Abyss:2  | XOM: silly message
   560 | Abyss:2  | Noticed a smoke demon
   566 | Abyss:2  | XOM: cast spell 'Cause Fear'
   579 | Abyss:2  | XOM: summons 2 friendly demons
   591 | Abyss:2  | Killed from afar by a smoke demon

Skill      XL: |  1 |
---------------+----+-----
Maces & Flails | 3 |  3.2
Fighting       | |  3.0
Armour         | |  1.7
Dodging        | |  0.8

Action                   || total
-------------------------++-------
Melee: Mace              ||    16
Armor: Leather armour    ||     5
Dodge: Dodged            ||     6
